Map: Nightshade LE

Players

SKillous

  • Race: Protoss Protoss
  • League: Master
  • Spawn Location: 11:00

LiquidClem (Clem) - Winner!

  • Race: Terran Terran
  • League: Master
  • Spawn Location: 5:00

VOD

Have the link to the VOD?

Description

Time

  • Played on: May 22, 2020, 3:58 p.m.
  • Length: 4:59
Show
View Real Time Build Order
Export as new Build Order

SKillous Protoss 

Build Orders: 1 Gate Expand, Dark Templar Rush 

Get SALT Encoding   

  12  0:00  Probe  
  13  0:13  Probe  
  14  0:19  Pylon  
  14  0:25  Probe  
  15  0:37  Probe (Chrono Boost)  
  15  0:40  Gateway  
  16  0:46  Probe (Chrono Boost)  
  16  0:47  Assimilator  
  17  0:52  Probe  
  18  1:04  Probe  
  19  1:16  Probe  
  20  1:27  Cybernetics Core  
  20  1:35  Nexus  
  20  1:37  Probe  
  21  1:45  Pylon  
  21  1:49  Assimilator  
  21  1:53  Probe  
  22  2:01  Stalker (Chrono Boost)  
  22  2:05  Probe  
  22  2:07  Warp Gate  
  25  2:17  Probe  
  26  2:23  Twilight Council  
  26  2:29  Probe  
  27  2:41  Probe  
  28  2:47  Probe  
  28  2:48  Robotics Facility  
  29  2:54  Probe  
  26  2:58  Stalker (Chrono Boost)  
  30  3:00  Probe  
  30  3:02  Shield Battery  
  32  3:06  Probe  
  32  3:12  Probe  
  34  3:15  Gateway  
  34  3:18  Probe  
  35  3:23  Dark Shrine  
  35  3:33  Gateway  
  35  3:37  Probe  
  34  3:41  Warp Prism (Chrono Boost)  
  30  3:57  Stalker  
  30  3:59  Probe x2 (Chrono Boost)  
  32  4:10  Stalker  
  32  4:11  Probe (Chrono Boost)  
  32  4:14  Probe (Chrono Boost)  
  36  4:21  Probe (Chrono Boost)  
  36  4:23  Probe (Chrono Boost)  
  38  4:28  Probe (Chrono Boost)  
  38  4:29  Probe (Chrono Boost)  
  40  4:32  Pylon  
  40  4:39  Dark Templar  
  40  4:41  Dark Templar  
  40  4:43  Probe  
  45  4:47  Probe  
  45  4:48  Shield Battery  
Show
View Real Time Build Order
Export as new Build Order

LiquidClem Terran - Winner!

Build Orders:  

Get SALT Encoding   

  12  0:00  SCV  
  13  0:13  SCV  
  14  0:16  Supply Depot  
  14  0:25  SCV  
  15  0:38  SCV  
  15  0:39  Barracks  
  16  0:44  Refinery  
  16  0:50  SCV  
  17  1:02  SCV  
  18  1:14  SCV  
  19  1:25  Marine  
  19  1:26  Orbital Command  
  20  1:39  Command Center  
  20  1:47  Barracks Tech Lab  
  20  1:51  Supply Depot  
  20  1:55  SCV  
  21  2:06  Marauder, Concussive Shells  
  23  2:12  SCV  
  24  2:16  Barracks  
  24  2:24  SCV  
  24  2:28  Marauder  
  27  2:37  Barracks, SCV  
  28  2:49  SCV  
  28  2:50  Stimpack  
  29  2:53  Orbital Command  
  29  2:54  Marine  
  30  3:04  Barracks Reactor, SCV  
  31  3:12  Marine  
  32  3:16  SCV  
  34  3:20  SCV  
  34  3:26  Marine  
  35  3:28  SCV  
  35  3:30  Marine  
  35  3:32  SCV  
  38  3:39  Engineering Bay, Supply Depot  
  38  3:41  SCV  
  37  3:42  Marine x2  
  37  3:44  SCV, Marine  
  37  3:48  Marine  
  42  3:53  SCV  
  43  3:56  SCV  
  43  3:59  Marine  
  43  4:01  Marine  
  43  4:02  Marine  
  47  4:05  SCV, Marine, Refinery, Supply Depot  
  47  4:06  Refinery  
  49  4:11  SCV  
  49  4:12  Missile Turret  
  50  4:17  SCV, Marine  
  50  4:19  Marine  
  50  4:20  Factory, Barracks Tech Lab  
  53  4:24  Supply Depot  
  53  4:27  Marauder  
  53  4:28  SCV  
  53  4:29  SCV  
  57  4:37  Marine  
  58  4:40  SCV  
  58  4:41  SCV  
  58  4:45  Supply Depot  
  62  4:48  Refinery  
Tags
 
Add a new tag
Caveats
  • Supply blocks, unpowered buildings, or Contaminate may cause inaccurate times.
  • Supply counts are checked every 10 seconds.